 Dungeon Crawl Stone Soup version 0.26-a0-958-gf3041fb45f (webtiles) character file.

Game seed: 9267867260810830503

1715 Gildeon the Basher (level 9, 0/48 HPs)
             Began as a Gargoyle Fighter on Dec 1, 2020.
             Was an Initiate of Hepliaklqana.
             Slain by an orc warrior
             ... wielding a +0 flail
              (15 damage)
             ... on level 7 of the Dungeon.
             The game lasted 00:14:54 (5642 turns).

Gildeon the Basher (Gargoyle Fighter)               Turns: 5642, Time: 00:14:54

Health: 0/48       AC: 18    Str: 23    XL:     9   Next: 4%
Magic:  9/9        EV:  9    Int:  9    God:    Hepliaklqana [......]
Gold:   351        SH: 10    Dex:  9    Spells: 7/8 levels left

rFire    . . .     SeeInvis +   a - +0 flail
rCold    + . .     Faith    .   c - +0 kite shield
rNeg     + . .     Spirit   .   n - +2 scale mail {rC+}
rPois    ∞         Reflect  .   x - +0 helmet
rElec    +         Harm     .   (no cloak)
rCorr    .         Rampage  .   (no gloves)
MR       .....                  z - +0 pair of boots
Stlth    ..........             (no amulet)
HPRegen  0.16/turn              j - ring of see invisible
MPRegen  0.11/turn              (no ring)

@: no status effects
A: reduced essence, negative energy resistance 1, electricity resistance,
unbreathing, petrification resistance, rot immunity, AC +6
a: Recall Ancestor, Ancestor Identity, Renounce Religion


You were on level 7 of the Dungeon.
You worshipped Hepliaklqana.
Hepliaklqana was noncommittal.
You visited 2 branches of the dungeon, and saw 8 of its levels.

You collected 351 gold pieces.

Inventory:

Hand Weapons
 a - a +0 flail (weapon)
Armour
 c - a +0 kite shield (worn)
 n - a +2 scale mail of cold resistance (worn)
 x - a +0 helmet (worn)
 z - a +0 pair of boots (worn)
Magical Staves
 t - an uncursed staff of earth
Jewellery
 j - a ring of see invisible (left hand)
Wands
 l - a wand of flame (14)
 y - a wand of paralysis (8)
Scrolls
 e - 5 scrolls of remove curse
 f - 3 scrolls of enchant weapon
 h - 3 scrolls of enchant armour
 m - a scroll of random uselessness {unknown}
 p - 3 scrolls of teleportation
 q - 3 scrolls of noise {unknown}
 r - a scroll of fear {unknown}
 u - 3 scrolls of amnesia {unknown}
Potions
 b - 2 potions of flight
 d - 3 potions of might
 g - a potion of curing
 i - a potion of mutation {unknown}
 k - a potion of berserk rage {unknown}
 o - 2 potions of heal wounds
 s - a potion of magic {unknown}
 v - a potion of haste {unknown}
 w - 2 potions of attraction


   Skills:
 - Level 5.0 Fighting
 * Level 8.3 Maces & Flails
 - Level 5.0 Armour
 + Level 3.3 Dodging
 + Level 5.7 Shields


You had 7 spell levels left.
You knew the following spells:

 Your Spells              Type           Power        Failure   Level
a - Corona                Hex            #......      97%         1

Your spell library contained the following spells:

 Spells                   Type           Power        Failure   Level
 Animate Skeleton         Necr           #.....       97%         1
 Apportation              Tloc           #.....       97%         1
 Summon Small Mammal      Summ           #...         97%         1


Dungeon Overview and Level Annotations

Branches:
Dungeon (7/15)             Temple (1/1) D:6

Altars:
Ashenzari
Cheibriados
Dithmenos
Elyvilon
Fedhas
Gozag
Hepliaklqana
Kikubaaqudgha
Makhleb
Nemelex Xobeh
Okawaru
Qazlal
Ru
Sif Muna
Trog
Uskayaw
Vehumet
Wu Jian
Xom
Yredelemnul
Zin
The Shining One


Innate Abilities, Weirdness & Mutations

You are resistant to torment.
Your stone body is resilient. (AC +6)
You are immune to poison.
You resist negative energy. (rN+)
You are resistant to electric shocks. (rElec)
You can survive without breathing.
You are immune to petrification.
You are immune to rotting.
Your life essence is reduced to manifest your ancestor. (-10% HP)


Message History

An orc wizard comes into view. It is wielding a +0 whip.
The orc warrior hits you with a +0 flail.
You barely miss the orc warrior.
The orc warrior is lightly wounded.
You block the orc's attack.
The orc warrior hits you but does no damage.
You hit the orc warrior.
The orc warrior is lightly wounded.
The orc hits you but does no damage. The orc warrior barely misses you.
You closely miss the orc warrior.
The orc warrior is lightly wounded.
The orc misses you.
You hit the orc warrior but do no damage.
The orc warrior is lightly wounded.
The orc warrior hits you with a +0 flail!
The orc hits you but does no damage.
You closely miss the orc warrior.
The orc warrior is lightly wounded.
The orc warrior hits you with a +0 flail!
You die...

..#### .#.#. ....... ....
###.......
...######...........
.....##........)...
..o...#..#..<...... ##.
#oo.....#......... #..###
#@##.........#...#
#.....##R........###....#
.#.#.........†..#...##...#
.........)...†.###.##.....
..(.....)))....# #.##.†#..
..........†....###.....##(
.......(..............###.
........).................
........<..)(.......(...#.


You could see the friendly Grums the ancestor, an orc warrior, an orc wizard and
an orc.

Vanquished Creatures
  Grinder (D:4)
  Edmund (D:4)
  A phantom (D:5)
  An ogre (D:7)
  A centaur (D:6)
  Blork the orc (D:6)
  A big kobold (D:7)
  A bullfrog (D:6)
  2 hounds
  A bullfrog skeleton (D:4)
  A centaur skeleton (D:7)
  4 worker ants
  Terence (D:2)
  Robin (D:4)
  9 adders
  A shadow imp (D:6)
  2 white imps
  An ufetubus (D:7)
  An ooze (D:1)
  An adder skeleton (D:4)
  4 worms
  A dart slug (D:2)
  6 leopard geckos
  3 orcs
  A ball python (D:4)
  6 giant cockroaches
  20 goblins
  10 hobgoblins
  16 jackals
  12 kobolds
  3 quokkas
  4 bats
  3 frilled lizards
  A giant cockroach zombie (D:6)
  A jackal skeleton (D:4)
  10 rats
134 creatures vanquished.

Vanquished Creatures (collateral kills)
  Joseph (D:7)
  A centaur zombie (D:7)
  A worker ant (D:7)
  A hound skeleton (D:7)
  An adder (D:7)
  A leopard gecko (D:6)
  3 jackals (D:7)
  5 kobolds (D:7)
14 creatures vanquished.

Vanquished Creatures (others)
  3 plants (D:4)
3 creatures vanquished.

Grand Total: 151 creatures vanquished

Notes
Turn   | Place    | Note
-------+----------+-------------------------------------------
     0 | D:1      | Gildeon the Gargoyle Fighter began the quest for the Orb.
     0 | D:1      | Reached XP level 1. HP: 14/14 MP: 1/1
   123 | D:1      | Reached XP level 2. HP: 19/19 MP: 2/2
   322 | D:1      | Reached XP level 3. HP: 23/23 MP: 3/3
   462 | D:1      | Reached skill level 3 in Maces & Flails
  1136 | D:2      | Reached XP level 4. HP: 26/29 MP: 4/4
  1708 | D:2      | Noticed Terence
  1738 | D:2      | Killed Terence
  1739 | D:2      | Reached XP level 5. HP: 18/33 MP: 5/5
  2360 | D:3      | Reached skill level 4 in Maces & Flails
  2999 | D:4      | Noticed Robin
  3042 | D:4      | Killed Robin
  3104 | D:4      | Noticed Grinder
  3123 | D:4      | Killed Grinder
  3124 | D:4      | Reached skill level 5 in Maces & Flails
  3124 | D:4      | Reached XP level 6. HP: 32/40 MP: 6/6
  3321 | D:4      | Reached skill level 5 in Fighting
  3321 | D:4      | Reached skill level 5 in Armour
  3321 | D:4      | Reached XP level 7. HP: 38/44 MP: 7/7
  3374 | D:4      | Noticed Edmund
  3385 | D:4      | Killed Edmund
  3461 | D:4      | Reached skill level 1 in Dodging
  3802 | D:4      | Reached skill level 6 in Maces & Flails
  3913 | D:5      | Entered Level 5 of the Dungeon
  4843 | D:6      | Reached XP level 8. HP: 49/49 MP: 8/8
  4911 | D:6      | Learned a level 1 spell: Corona
  4984 | D:6      | Found a staircase to the Ecumenical Temple.
  5003 | Temple   | Entered the Ecumenical Temple
  5118 | Temple   | Became a worshipper of Hepliaklqana the Forgotten
  5172 | D:6      | Noticed Blork the orc
  5190 | D:6      | Killed Blork the orc
  5237 | D:6      | Reached skill level 7 in Maces & Flails
  5392 | D:6      | Found a blossoming altar of Fedhas.
  5530 | D:7      | Reached skill level 5 in Shields
  5533 | D:7      | Noticed Joseph
  5562 | D:7      | Killed Joseph
  5563 | D:7      | Reached skill level 8 in Maces & Flails
  5593 | D:7      | Reached XP level 9. HP: 22/48 MP: 9/9
  5642 | D:7      | Slain by an orc warrior

Illustrated notes

Levels and vault maps discovered:
D:1:      minmay_arrival_jagged, layout_loops_ring, dk_noncrumbling_3
D:2:      minmay_diamond_boxcup, layout_loops_ring, uniq_terence
D:3:      layout_basic
D:4:      layout_loops_cross, serial_forest, infiniplex_forest_clump_tiny,
          infiniplex_forest_clump_small, infiniplex_forest_lined_corner,
          infiniplex_forest_lined_room_2, uniq_edmund, uniq_grinder, uniq_robin
D:5:      layout_basic
D:6:      wander_river, layout_rooms, fedhas_bush_and_centaur_altar,
          minmay_temple_entry_butterflies, uniq_blork_the_orc
D:7:      layout_cave_pools, uniq_joseph, uniq_pikel
Temple:   kilobyte_greek_temple

Skill      XL: |  1  2  3  4  5  6  7  8 |
---------------+-------------------------+-----
Maces & Flails | 3 5 6 8 |  8.3
Armour         | 4 5 |  5.0
Fighting       | 4 5 |  5.0
Dodging        | 1 3 |  3.3
Shields        | 4 5 |  5.7

Action                   |  1- 3 |  4- 6 |  7- 9 || total
-------------------------+-------+-------+-------++-------
Melee: Flail             |   142 |   232 |   237 ||   611
Invok: Recall Ancestor   |       |       |     1 ||     1
       Ancestor Identity |       |       |     1 ||     1
  Use: Scroll            |       |     5 |     2 ||     7
Armor: Scale mail        |    88 |   121 |   102 ||   311
Dodge: Dodged            |    50 |    70 |    80 ||   200
Block: Kite shield       |    78 |   107 |   133 ||   318

Table legend: (Time is in decaauts)
 A = Elapsed time spent in this place.
 B = Non-inter-level travel time spent in this place.
 C = Inter-level travel time spent in this place.
 D = Time resting spent in this place.
 E = Time spent auto-exploring this place.
 F = Levels seen in this place.
 G = Mean time per level.
                   A        B        C        D        E       F      G
               +--------+--------+--------+--------+--------+-----+--------+
         Total |   5798 |   5574 |    224 |      6 |   4182 |   8 |  724.8 |
       Dungeon |   5652 |   5447 |    205 |      6 |   4085 |   7 |  807.4 |
        Temple |    145 |    126 |     19 |      0 |     97 |   1 |  145.0 |
               +--------+--------+--------+--------+--------+-----+--------+

Top non-repeatable levels by time:
     D:2: 1276 daAuts
     D:1: 1036 daAuts
     D:4: 903 daAuts
     D:5: 896 daAuts
     D:3: 822 daAuts
     D:6: 531 daAuts
     D:7: 186 daAuts
  Temple: 145 daAuts
